 Dungeon Crawl Stone Soup version 0.26.1-16-g4e020e15dc (webtiles) character file.

Game seed: 10814119852096628242

211 Froggeryz the Slasher (level 5, -8/41 HPs)
             Began as a Barachi Warper on Feb 28, 2023.
             Killed by divine providence
             ... invoked by an orc priest
              (11 damage)
             ... on level 3 of the Dungeon.
             The game lasted 00:04:08 (3031 turns).

Froggeryz the Slasher (Barachi Warper)              Turns: 3031, Time: 00:04:09

Health: -8/41      AC:  5    Str: 14    XL:     5   Next: 88%
Magic:  17/17      EV: 11    Int: 13    God:
Gold:   64         SH:  0    Dex: 11    Spells: 8/8 levels left

rFire    . . .     SeeInvis .   a - +0 falchion
rCold    . . .     Faith    .   (no shield)
rNeg     . . .     Spirit   .   k - +0 ring mail
rPois    .         Reflect  .   (no helmet)
rElec    .         Harm     .   (no cloak)
rCorr    .         Rampage  .   (no gloves)
Will     .....                  (no boots)
Stlth    +.........             (no amulet)
HPRegen  0.13/turn              o - ring of magical power
MPRegen  0.15/turn              (no ring)

@: can't hop, slow
A: +LOS, swims, slowness 1, strong legs 1
a: Hop


You were on level 3 of the Dungeon.
You visited 1 branch of the dungeon, and saw 3 of its levels.

You collected 64 gold pieces.

Inventory:

Hand Weapons
 a - a +0 falchion (weapon)
Missiles
 e - 5 boomerangs of dispersal (quivered)
 i - 21 poisoned darts
 l - 2 boomerangs
 p - 2 javelins
Armour
 h - a +0 buckler
 k - a +0 ring mail (worn)
 r - a +2 chain mail of fire resistance
Jewellery
 o - a ring of magical power (left hand)
 t - an uncursed ring of positive energy {unknown}
Scrolls
 b - a scroll of enchant armour {unknown}
 d - 2 scrolls of blinking
 f - 2 scrolls of magic mapping
 m - 4 scrolls of identify
 q - a scroll of teleportation
 s - a scroll of remove curse {unknown}
Potions
 c - a potion of degeneration {unknown}
 g - a potion of flight {unknown}
 j - a potion of attraction {unknown}
 n - a potion of cancellation {unknown}


   Skills:
 - Level 3.1 Fighting
 * Level 5.5 Long Blades
 - Level 1.0 Throwing
 - Level 1.2 Armour
 - Level 2.1 Dodging
 * Level 3.4 Shields
 - Level 2.1 Spellcasting
 - Level 3.2 Translocations


You had 8 spell levels left.
You didn't know any spells.
Your spell library contained the following spells:

 Spells                   Type           Power        Failure   Level
 Blink                    Tloc           N/A          21%         2
 Gell's Gravitas          Tloc           4%           36%         3
 Lesser Beckoning         Tloc           4%           36%         3
 Teleport Other           Tloc           9%           36%         3
 Passage of Golubria      Tloc           N/A          78%         4


Dungeon Overview and Level Annotations

Branches:
Dungeon (3/15)

Altars:
Nemelex Xobeh
Qazlal
Vehumet
Wu Jian
Yredelemnul
The Shining One


Innate Abilities, Weirdness & Mutations

You can be seen from farther away. (+LOS)
You can swim through water.
You cover ground slowly.
You can hop short distances.


Message History

Your surroundings suddenly seem different.
An orc priest comes into view. It is wielding a +0 dagger.
The orc priest shouts!
An orc comes into view. It is wielding a +0 mace.
The orc shouts!
An orc comes into view. It is wielding a +0 club.
The orc shouts!
A bat comes into view.
The bat hits you but does no damage.
A leopard gecko comes into view.
The bat hits you but does no damage.
An ooze comes into view.
An orc comes into view. It is wielding a +0 hand axe.
An orc comes into view.
It is wielding a +0 war axe and wearing a +1 leather armour of fire resistance.
Found a potion of heal wounds.
The orc shouts!
The bat hits you but does no damage.
The orc priest invokes the aid of Beogh against you.
Beogh smites you!
You die...

#.....#
###.###
#..# ##.##
#..#
########
##.##
#......#
.######..#
#......#
#..........
#....@.#
#.#######.#
#...Jl!#
#.#
#.b....#
#.#
#.......#
#.#
+.o.....#
#.#
#...o.###
#.. #..ooo#
##. #.....#
#. #.$...
##


You could see an orc priest, an ooze, 4 orcs, a leopard gecko and a bat.

Vanquished Creatures
  Terence (D:2)
  Natasha (thrice) (D:2)
  2 adders (D:2)
  An ooze (D:1)
  2 worms (D:2)
  5 leopard geckos
  5 orcs (D:2)
  2 ball pythons
  8 bats
  4 giant cockroaches
  10 goblins
  4 hobgoblins
  6 jackals
  4 kobolds
  A quokka (D:2)
  9 frilled lizards
  9 rats
76 creatures vanquished.

Notes
Turn   | Place    | Note
-------+----------+-------------------------------------------
     0 | D:1      | Froggeryz the Barachi Warper began the quest for the Orb.
     0 | D:1      | Reached XP level 1. HP: 17/17 MP: 3/3
   145 | D:1      | Reached skill level 3 in Long Blades
   145 | D:1      | Reached XP level 2. HP: 21/23 MP: 5/5
   352 | D:1      | Reached XP level 3. HP: 28/29 MP: 6/6
  1057 | D:1      | Reached skill level 4 in Long Blades
  1101 | D:2      | Reached skill level 1 in Shields
  1121 | D:2      | Reached XP level 4. HP: 8/35 MP: 7/7
  1898 | D:2      | Noticed Terence
  1948 | D:2      | Killed Terence
  2257 | D:2      | Reached XP level 5. HP: 39/41 MP: 8/8
  2283 | D:2      | Noticed Natasha
  2309 | D:2      | Killed Natasha
  2310 | D:2      | Reached skill level 5 in Long Blades
  2482 | D:2      | Noticed Natasha
  2493 | D:2      | Killed Natasha
  2503 | D:2      | Found a sparkling altar of Nemelex Xobeh.
  2503 | D:2      | Found an ornate altar of the Wu Jian Council.
  2504 | D:2      | Found a stormy altar of Qazlal.
  2505 | D:2      | Found a basalt altar of Yredelemnul.
  2506 | D:2      | Found a glowing golden altar of the Shining One.
  2508 | D:2      | Found a radiant altar of Vehumet.
  2728 | D:2      | Noticed Natasha
  2736 | D:2      | Killed Natasha
  3023 | D:3      | HP: 1/41 [gnoll/+0 halberd (12)]
  3031 | D:3      | Killed from afar by an orc priest

Illustrated notes

Levels and vault maps discovered:
D:1:      amcnicky_arrival_feature_with_door, layout_rooms
D:2:      minmay_door_path, layout_rooms, minitemple, uniq_natasha, uniq_terence
D:3:      layout_basic, tgw_trog, uniq_ijyb

Skill      XL: |  1  2  3  4  5 |
---------------+----------------+-----
Long Blades    | 3 4 5 |  5.5
Fighting       | 3 |  3.1
Shields        | 1 2 3 |  3.4
Throwing       | |  1.0
Armour         | |  1.2
Dodging        | |  2.1
Spellcasting   | |  2.1
Translocations | |  3.2

Action                   |  1- 3 |  4- 6 || total
-------------------------+-------+-------++-------
Melee: Falchion          |   122 |   196 ||   318
 Abil: Hop               |       |     1 ||     1
  Use: Scroll            |       |     3 ||     3
       Potion            |       |     1 ||     1
Armor: Leather armour    |    31 |       ||    31
       Ring mail         |    14 |    72 ||    86
Dodge: Dodged            |   124 |    97 ||   221
       Rpst.: Falchion   |    43 |    26 ||    69
